AoeStats
← powerkek

Arena

509104118Analyzed
4v4 RM · 6d ago on Sep 25, 2026· 58m 31s· 8 players
Game mode
Random Map
Map size
Large (8 player)
Population
200
Speed
Normal
Resources
Standard
Victory
Conquest
Starting age
Dark Age
Ending age
Imperial Age
RankedLock teamsTeams togetherTeam positionsShared explorationLock speedFull tech treeHidden civsTurbo modeCheats
Victory
Defeat
🇨🇳 Saxons · China
1071
+14
🇹🇼 Magyars · Taiwan
1066
+14
🇹🇼 Byzantines · Taiwan
1043
+15
🇮🇳 Bulgarians · India
1004
+17
🇺🇸 Italians · United States
1044
-16
🇹🇼 Celts · Taiwan
1037
-16
🇸🇰 Burmese · Slovakia
1031
-15
🇵🇪 Persians · Peru
984
-13
powerkek
10:21 Feudal Age
12:05 Wheelbarrow
12:31 Horse Collar
18:09 Castle Age
16:45 Scale Mail Armor
17:57 Loom
21:02 Hand Cart
24:30 Gold Mining
28:19 Imperial Age
27:05 Gold Shaft Mining
26:25 Town Watch
27:25 Husbandry
27:37 Scale Barding Armor
28:03 Bloodlines
28:24 Town Watch
29:33 Chain Barding Armor
30:41 Siege Engineers
31:20 Conscription
32:01 Heavy Plow
31:53 Stone Mining
33:29 Howdah
34:12 Plate Barding Armor
35:59 Redemption
36:05 Block Printing
37:17 Elite Battle Elephant
39:47 Chemistry
40:10 Forging
40:25 Conscription
42:09 Man-at-Arms
42:50 Squires
43:34 Iron Casting
43:15 Chain Mail Armor
42:42 Elite Arambai
42:48 Long Swordsman
44:49 Two-Handed Swordsman
47:57 Fletching
50:06 Masonry
50:15 Bodkin Arrow
51:17 Architecture
51:29 Crop Rotation
51:59 Murder Holes
52:19 Treadmill Crane
52:53 Bracer
54:36 Padded Archer Armor
57:45 Pikeman
Spaghetti
0:31 Loom
12:46 Feudal Age
13:48 Double-Bit Axe
17:32 Castle Age
20:07 Bow Saw
20:37 Fletching
20:48 Padded Archer Armor
22:36 Leather Archer Armor
24:06 Horse Collar
25:29 Heavy Plow
26:48 Wheelbarrow
26:36 Gold Mining
26:36 Stone Mining
28:33 Hand Cart
32:32 Imperial Age
31:59 Bloodlines
31:49 Husbandry
31:10 Light Cavalry
36:28 Hussar
38:32 Chemistry
37:52 Ballistics
39:31 Arson
39:47 Squires
40:41 Scale Barding Armor
40:46 Forging
40:28 Elite Skirmisher
41:43 Fortified Wall
46:42 Chain Barding Armor
46:57 Iron Casting
46:18 Bodkin Arrow
48:25 Two-Man Saw
50:31 Blast Furnace
56:31 Bracer
57:22 Plate Barding Armor
Blei Blei
10:13 Feudal Age
11:26 Double-Bit Axe
19:04 Castle Age
20:28 Loom
27:27 Forging
28:40 Horse Collar
28:58 Town Watch
30:58 Gold Mining
31:00 Stone Mining
33:44 Thumb Ring
32:59 Crossbowman
Instagram
0:31 Loom
10:38 Feudal Age
15:21 Wheelbarrow
18:18 Castle Age
16:01 Horse Collar
17:29 Double-Bit Axe
17:38 Gold Mining
22:56 Fervor
26:35 Fletching
28:01 Bodkin Arrow
30:34 Fortified Wall
31:32 Pikeman
31:58 Arson
38:01 Imperial Age
35:21 Man-at-Arms
35:47 Gambesons
36:38 Forging
36:28 Scale Mail Armor
36:34 Scale Barding Armor
36:30 Padded Archer Armor
36:52 Ballistics
37:12 Hand Cart
37:21 Caravan
37:48 Murder Holes
37:20 Long Swordsman
38:56 Iron Casting
37:45 Light Cavalry
38:36 Two-Handed Swordsman
39:23 Champion
40:27 Conscription
39:59 Stronghold
39:53 Hussar
40:34 Husbandry
41:33 Chain Mail Armor
42:31 Hoardings
42:26 Heavy Scorpion
44:31 Furor Celtica
45:54 Blast Furnace
45:24 Plate Mail Armor
51:47 Siege Engineers
53:06 Halberdier
55:39 Chain Barding Armor
55:35 Leather Archer Armor
madmonk08
0:27 Loom
14:00 Feudal Age
16:09 Wheelbarrow
15:22 Double-Bit Axe
15:19 Horse Collar
17:47 Arson
23:00 Castle Age
21:14 Forging
21:05 Scale Mail Armor
20:56 Fletching
21:10 Gold Mining
21:17 Stone Mining
22:07 Scale Barding Armor
22:36 Town Watch
24:09 Hand Cart
24:06 Bow Saw
23:58 Heavy Plow
24:35 Iron Casting
24:16 Chain Mail Armor
23:49 Gambesons
24:43 Squires
36:16 Imperial Age
33:39 Elite Skirmisher
37:54 Conscription
38:08 Bagains
40:05 Blast Furnace
39:35 Plate Mail Armor
40:50 Gold Shaft Mining
41:24 Devotion
44:21 Bodkin Arrow
45:49 Capped Ram
CCOO0021212189
12:36 Feudal Age
13:38 Double-Bit Axe
13:36 Horse Collar
16:37 Castle Age
16:47 Scale Mail Armor
17:29 Bow Saw
19:45 Arson
21:22 Squires
22:31 Wheelbarrow
21:42 Loom
25:32 Sanctity
26:10 Hand Cart
29:21 Imperial Age
27:28 Gold Mining
27:56 Elite Skirmisher
28:28 Fletching
29:06 Ballistics
28:54 Pikeman
29:32 Bodkin Arrow
31:12 Chemistry
32:29 Bracer
32:08 Halberdier
36:27 Padded Archer Armor
36:42 Chain Mail Armor
36:38 Forging
37:15 Conscription
36:53 Elite Varangian Guard
37:51 Leather Archer Armor
38:06 Plate Mail Armor
39:10 Leather Archer Armor
39:31 Iron Casting
43:20 Ring Archer Armor
45:22 Elite Cataphract
46:47 Scale Barding Armor
48:49 Hoardings
49:55 Logistica
50:08 Chain Barding Armor
50:45 Husbandry
53:21 Stone Mining
54:07 Gold Shaft Mining
29
10:09 Feudal Age
14:26 Castle Age
13:15 Loom
16:33 Town Watch
22:01 Wheelbarrow
21:45 Gold Mining
21:48 Double-Bit Axe
28:50 Imperial Age
27:03 Bow Saw
26:44 Horse Collar
29:06 Corvinian Army
29:18 Fletching
29:32 Elite Skirmisher
30:11 Bodkin Arrow
31:06 Town Patrol
31:22 Scale Barding Armor
33:17 Conscription
34:43 Chain Barding Armor
35:43 Plate Barding Armor
41:18 Husbandry
41:29 Bloodlines
43:03 Hand Cart
43:09 Bracer
43:09 Padded Archer Armor
45:34 Chemistry
44:32 Cavalier
45:45 Padded Archer Armor
48:00 Leather Archer Armor
47:39 Paladin
56:21 Elite Magyar Huszar
58:41 Ring Archer Armor
994327805
11:41 Feudal Age
16:08 Castle Age
15:59 Loom
19:06 Scale Mail Armor
20:27 Forging
21:51 Double-Bit Axe
24:31 Horse Collar
25:29 Squires
27:06 Heavy Plow
29:08 Pikeman
33:36 Imperial Age
30:56 Arson
31:41 Bow Saw
32:33 Chain Mail Armor
32:54 Iron Casting
33:29 Iron Casting
33:18 Gold Mining
33:19 Stone Mining
34:18 Wheelbarrow
34:20 Elite Varangian Guard
35:32 Plate Mail Armor
38:08 Two-Man Saw
37:41 Crop Rotation
37:22 Town Watch
39:15 Halberdier
41:25 Gold Shaft Mining
40:51 Man-at-Arms
41:17 Gambesons
41:57 Fortified Wall
44:13 Hand Cart
46:46 Masonry
50:27 Fletching
50:09 Long Swordsman
51:36 Conscription
50:37 Elite Hearth Troop
54:02 Bodkin Arrow
54:21 Two-Handed Swordsman
55:15 Bracer
55:56 Shield Wall
58:10 Conscription
59:24 Architecture
59:00 Siege Engineers
Connection lost

Rejoining the realm…

Still unreachable

The connection could not be restored.

Session expired

The server has moved on; the page needs a fresh start.